 Dungeon Crawl Stone Soup version 0.30-a0-591-g3c58d2bc28 (webtiles) character file.

Game seed: 2690518600050071238

11 sokol815 the Sneak (level 2, -1/16 HPs)
             Began as a Vine Stalker Delver on Jan 5, 2023.
             Succumbed to a scorpion's poison
             ... on level 5 of the Dungeon.
             The game lasted 00:00:43 (62 turns).

sokol815 the Sneak (Vine Stalker Delver)              Turns: 62, Time: 00:00:43

Health: -1/16      AC:  3    Str: 14    XL:     2   Next: 25%
Magic:  0/3        EV: 11    Int: 10    God:
Gold:   0          SH:  0    Dex: 15    Spells: 1/1 levels left

rFire   . . .      SeeInvis .    f - +1 spear (freeze)
rCold   . . .      Faith    .    (no shield)
rNeg    . . .      Spirit   +    b - +0 leather armour
rPois   .          Reflect  .    (no helmet)
rElec   .          Harm     .    (no cloak)
rCorr   .          Rampage  .    (no gloves)
Will    .....                    (no boots)
Stlth   +++                      (no amulet)
HPRegen 0.22/turn                (no ring)
MPRegen 0.08/turn                (no ring)

@: lethally poisoned (-1 -> -15)
A: fangs 2, magic shield, antimagic bite, no potion heal 2
a: no special abilities


You were on level 5 of the Dungeon.
You visited 1 branch of the dungeon, and saw 1 of its levels.

Inventory:

Hand Weapons
 a - a +0 hand axe
 e - a +0 double sword
   (You found it on level 5 of the Dungeon)
 f - a +1 spear of freezing (weapon)
   (You found it on level 5 of the Dungeon)
Armour
 b - a +0 leather armour (worn)
Jewellery
 C - a ring of protection from cold {rC+, !d}
   (You found it on level 5 of the Dungeon)
Wands
 d - a wand of digging (3)
Scrolls
 c - a scroll of fog
 E - a scroll of fear
 X - a scroll of magic mapping {@r4!r}
Potions
 H - a potion of haste


   Skills:
 - Level 2.6 Fighting
 + Level 2.6 Axes
 - Level 1.5 Dodging
 - Level 6.0 Stealth


You had one spell level left.
You didn't know any spells.
Your spell library was empty.

Dungeon Overview and Level Annotations

Branches:
Dungeon (5/15) Zot: 5936
 Temple: D:4-7

Altars:


Innate Abilities, Weirdness & Mutations

You have extremely sharp teeth.
When hurt, damage is shared between your health and your magic reserves.
Your bite disrupts and absorbs the magic of your enemies.
Potions cannot restore your health.


Message History

Ran out of altars for temple! x3
Bad channel name for runrest: 'Jiyva says: Divide and consume' Welcome, sokol815 the Vine Stalker Delver.
You feel drawn to the Orb of Zot, downwards into the unfathomable depths...
Found a stone staircase leading down.
Setting a skill training target for Axes at 14.0.
You open the door.
An adder comes into view.
There is an open door here.
An orc comes into view. It is wielding a +0 short sword.
The adder hisses angrily.
There is an open door here.
You closely miss the adder. The adder completely misses you.
The adder closely misses you.
The orc shouts!
You hit the adder. You bite the adder, but do no damage. The adder misses you.
You barely miss the adder. Your bite misses the adder.
The adder closely misses you. x2
You hit the adder. Your bite misses the adder. The adder bites you.
You take 1 damage, and have 10/11 hp.
You hit the adder. The adder barely misses you.
The adder bites you but does no damage.
You hit the adder.
You kill the adder!
Your Axes skill increases to level 2!
You have reached level 2!
You regained 5 hp, and now have 15/16 hp.
MP restored: 3 You hit the orc.
The orc misses you.
You hit the orc but do no damage. The orc hits you but does no damage.
You hit the orc. The orc hits you with a +0 short sword.
You hit the orc.
You kill the orc!
No target in view!
Items here: ) [ ††.
Health restored: 16
C - a ring of protection from cold {rC+, !d} You see here a +0 double sword.
e - a +0 double sword You open the door.
Found a stone staircase leading up.
There is an open door here.
A scorpion comes into view.
You see here a +1 spear of freezing.
f - a +1 spear of freezing Your +1 spear of freezing glows with a cold blue light!
f - a +1 spear of freezing (weapon)
Reach: f) +1 spear (freeze)
Aim: a scorpion (about 37% to evade your +1 spear of freezing)
You reach to attack!
You hit the scorpion. You freeze the scorpion. The scorpion barely misses you.
You hit the scorpion but do no damage. The scorpion stings you.
You take 2 damage, and have 14/16 hp.
You completely miss the scorpion. Your bite misses the scorpion.
The scorpion stings you.
You take 4 damage, and have 10/16 hp.
MASSIVE DAMAGE!!
You now have 2/3 mp.
You hit the scorpion. You freeze the scorpion.
You bite the scorpion, but do no damage.
The scorpion barely misses you.
You barely miss the scorpion. Your bite misses the scorpion.
The scorpion closely misses you. x2
You hit the scorpion. You freeze the scorpion. The scorpion closely misses you.
You hit the scorpion. You freeze the scorpion.
You bite the scorpion, but do no damage.
The scorpion stings you.
You take 4 damage, and have 6/16 hp.
MASSIVE DAMAGE!!
You now have 1/3 mp.
You hit the scorpion. You freeze the scorpion. The scorpion closely misses you.
You closely miss the scorpion. The scorpion stings you.
* * * LOW HITPOINT WARNING * * *
You are lethally poisoned!
The scorpion poisons you!
You take 3 damage, and have 3/16 hp.
You now have 0/3 mp.
You closely miss the scorpion.
You die...

♣♣....8....♣♣#.....##
♣♣.......♣♣ #....##
♣♣.....♣♣ #..###
♣♣♣.♣♣♣ #..#
#'#######..#
#####..........####
.....................
#######........######
#.....@s......
#.....<....###
#..........#
#...?......#
#..........#
##........##
##......## ########


You could see a scorpion.

Vanquished Creatures
  An adder (D:5)
  An orc (D:5)
2 creatures vanquished.

Notes
Turn   | Place    | Note
-------+----------+-------------------------------------------
     0 | D:5      | sokol815 the Vine Stalker Delver began the quest for the
                  | Orb.
     0 | D:5      | Reached XP level 1. HP: 11/11 MP: 2/2
    16 | D:5      | Reached skill level 2 in Axes
    16 | D:5      | Reached XP level 2. HP: 15/16 MP: 3/3
    44 | D:5      | Noticed a scorpion
    61 | D:5      | HP: 3/16 [scorpion (3)]
    62 | D:5      | Succumbed to a scorpion's poison

Illustrated notes

Levels and vault maps discovered:
D:5:      layout_rooms, vehumet_altar_wand_db, nicolae_hexahallways,
          kennysheep_generic_room_2, uniq_grinder, uniq_ijyb

Skill      XL: |  1 |
---------------+----+-----
Axes           | 2 |  2.6
Fighting       | |  2.6
Dodging        | |  1.5
Stealth        | |  6.0

Action                   || total
-------------------------++-------
Melee: Hand axe          ||    10
       Bite              ||     3
       Spear             ||    10
Armor: Leather armour    ||     2
Dodge: Dodged            ||    13

Table legend: (Time is in decaauts)
 A = Elapsed time spent in this place.
 B = Non-inter-level travel time spent in this place.
 C = Inter-level travel time spent in this place.
 D = Time resting spent in this place.
 E = Time spent auto-exploring this place.
 F = Levels seen in this place.
 G = Mean time per level.
                   A        B        C        D        E       F      G
               +--------+--------+--------+--------+--------+-----+--------+
         Total |     63 |     63 |      0 |      0 |      8 |   1 |   63.0 |
       Dungeon |     63 |     63 |      0 |      0 |      8 |   1 |   63.0 |
               +--------+--------+--------+--------+--------+-----+--------+

Top non-repeatable levels by time:
     D:5: 63 daAuts

Table legend:
 A = Kills in this place as a percentage of kills in entire the game.
 B = Kills by you in this place as a percentage of kills by you in the entire game.
 C = Kills by friends in this place as a percentage of kills by friends in the entire game.
 D = Other kills in this place as a percentage of other kills in the entire game.
 E = Experience gained in this place as a percentage of experience gained in the entire game.
 F = Experience gained in this place divided by the number of levels of this place that you have seen.
                   A       B       C       D       E      F
               +-------+-------+-------+-------+-------+----------------------
         Total | 100.0 | 100.0 |   N/A |   N/A | 100.0 |  16.0
       Dungeon | 100.0 | 100.0 |   N/A |   N/A | 100.0 |  16.0
               +-------+-------+-------+-------+-------+----------------------
